 Dungeon Crawl Stone Soup version 0.28-a0-1435-g82390b3a13 (webtiles) character file.

Game seed: 6797897539690901328

2 avis the Chopper (level 1, -2/19 HPs)
             Began as a Hill Orc Monk on Jan 9, 2022.
             Slain by a goblin (4 damage)
             ... on level 1 of the Dungeon.
             The game lasted 00:01:03 (194 turns).

avis the Chopper (Hill Orc Monk)                     Turns: 194, Time: 00:01:03

Health: -2/19      AC:  2    Str: 13    XL:     1   Next: 40%
Magic:  1/1        EV: 12    Int: 10    God:
Gold:   6          SH:  0    Dex: 13    Spells: 0/0 levels left

rFire   . . .      SeeInvis .   a - +0 hand axe
rCold   . . .      Faith    .   (no shield)
rNeg    . . .      Spirit   .   b - +0 robe
rPois   .          Reflect  .   (no helmet)
rElec   .          Harm     .   (no cloak)
rCorr   .          Rampage  .   (no gloves)
Will    .....                   (no boots)
Stlth   ++........              (no amulet)
HPRegen 0.06/turn               (no ring)
MPRegen 0.07/turn               (no ring)

@: no status effects
A: no striking features
a: no special abilities


You were on level 1 of the Dungeon.
You visited 1 branch of the dungeon, and saw 1 of its levels.

You collected 6 gold pieces.

Inventory:

Hand Weapons
 a - a +0 hand axe (weapon)
Missiles
 c - 26 stones (quivered)
Armour
 b - a +0 robe (worn)
Scrolls
 d - a scroll of fear {unknown}


   Skills:
 - Level 3.6 Fighting
 * Level 4.2 Axes
 - Level 2.4 Dodging
 - Level 1.5 Stealth


You couldn't memorise any spells.
You didn't know any spells.
Your spell library was empty.

Dungeon Overview and Level Annotations

Branches:
Dungeon (1/15)

Altars:


Message History

The kobold shouts!
You hear a shout!
You hear an angry hiss.
The kobold moves out of view.
A rat comes into view.
A goblin comes into view. It is wielding a +0 dagger.
You barely miss the kobold. The kobold barely misses you.
A ball python comes into view.
The kobold closely misses you.
You closely miss the kobold. The kobold closely misses you.
The goblin hits you but does no damage. The kobold hits you with a +0 whip.
You closely miss the kobold. The kobold hits you with a +0 whip.
You closely miss the kobold. The kobold misses you.
You barely miss the kobold. The kobold closely misses you.
You barely miss the kobold. The kobold hits you with a +0 whip.
You closely miss the kobold. The kobold barely misses you.
You hit the kobold but do no damage. The kobold hits you but does no damage.
You hit the kobold.
The kobold is moderately wounded.
The kobold barely misses you.
You closely miss the kobold.
The kobold is moderately wounded.
The kobold hits you with a +0 whip.
* * * LOW HITPOINT WARNING * * *
You hit the kobold.
The kobold is heavily wounded.
The kobold misses you.
You hit the kobold.
You kill the kobold!
You closely miss the goblin. The goblin hits you with a +0 dagger.
* * * LOW HITPOINT WARNING * * *
You barely miss the goblin. The goblin closely misses you.
The goblin hits you with a +0 dagger.
* * * LOW HITPOINT WARNING * * *
You hit the goblin.
The goblin is severely wounded.
The goblin hits you but does no damage.
You barely miss the goblin.
The goblin is severely wounded.
The goblin hits you with a +0 dagger.
You die...

....S.......>.#
...#.#.##....#
#.##....# #.##....#
#S##....# . #r###.###
....###.###.#
#.....##..########
#####...#....Srg@...#
......P.......#####.#
P♣.....♣P...♣♣......
...♣.........P......
..♣P...♣P..♣....♣#..
.............PP## .
#####P...#######
#P♣.#....# #.P##''##


You could see a goblin, a ball python and a rat.

Vanquished Creatures
  An endoplasm (D:1)
  A kobold (D:1)
2 creatures vanquished.

Notes
Turn   | Place    | Note
-------+----------+-------------------------------------------
     0 | D:1      | avis the Hill Orc Monk began the quest for the Orb.
     0 | D:1      | Reached XP level 1. HP: 19/19 MP: 1/1
   194 | D:1      | Slain by a goblin

Illustrated notes

Levels and vault maps discovered:
D:1:      denvon_arrival_planthouse, layout_basic,
          shapermc_ecumenical_altar_acropolis, lemuel_flame_loot_1

Action                   || total
-------------------------++-------
Melee: Hand axe          ||    22
Armor: Robe              ||     3
Dodge: Dodged            ||    12

Table legend: (Time is in decaauts)
 A = Elapsed time spent in this place.
 B = Non-inter-level travel time spent in this place.
 C = Inter-level travel time spent in this place.
 D = Time resting spent in this place.
 E = Time spent auto-exploring this place.
 F = Levels seen in this place.
 G = Mean time per level.
                   A        B        C        D        E       F      G
               +--------+--------+--------+--------+--------+-----+--------+
         Total |    196 |    196 |      0 |    104 |     32 |   1 |  196.0 |
       Dungeon |    196 |    196 |      0 |    104 |     32 |   1 |  196.0 |
               +--------+--------+--------+--------+--------+-----+--------+

Top non-repeatable levels by time:
     D:1: 196 daAuts
